 Dungeon Crawl Stone Soup version 0.27-a0-396-g03f4e8edb7 (webtiles) character file.

Game seed: 14076270811695786592

6 Morbidden the Twirler (level 1, -1/15 HPs)
             Began as a Demonspawn Wanderer on Feb 21, 2021.
             Slain by a leopard gecko (5 damage)
             ... on level 1 of the Dungeon.
             The game lasted 00:00:28 (249 turns).

Morbidden the Twirler (Demonspawn Wanderer)          Turns: 249, Time: 00:00:29

Health: -1/15      AC:  2    Str: 14    XL:     1   Next: 75%
Magic:  3/3        EV: 11    Int: 12    God:
Gold:   22         SH:  0    Dex: 11    Spells: 4/4 levels left

rFire    . . .     SeeInvis .   a - +0 quarterstaff
rCold    . . .     Faith    .   (shield currently unavailable)
rNeg     . . .     Spirit   .   d - +0 robe
rPois    .         Reflect  .   (no helmet)
rElec    .         Harm     .   (no cloak)
rCorr    .         Rampage  .   (no gloves)
Will     .....                  (no boots)
Stlth    ++........             (no amulet)
HPRegen  0.05/turn              (no ring)
MPRegen  0.08/turn              (no ring)

@: no status effects
A: no striking features
a: no special abilities


You were on level 1 of the Dungeon.
You visited 1 branch of the dungeon, and saw 1 of its levels.

You collected 22 gold pieces.

Inventory:

Hand Weapons
 a - a +0 quarterstaff (weapon)
 e - a +0 dagger
Missiles
 b - 4 atropa-tipped darts (quivered)
Armour
 d - a +0 robe (worn)
Potions
 c - a potion of curing


   Skills:
 * Level 1.0 Fighting
 * Level 2.7 Staves
 + Level 1.7 Stealth
 * Level 2.3 Spellcasting
 * Level 1.0 Translocations
 + Level 1.0 Evocations


You had 4 spell levels left.
You didn't know any spells.
Your spell library contained the following spells:

 Spells                   Type           Power        Failure   Level
 Blink                    Tloc           N/A          26%         2
 Gell's Gravitas          Tloc           1%           45%         3
 Lesser Beckoning         Tloc           1%           45%         3
 Teleport Other           Tloc           3%           45%         3
 Manifold Assault         Tloc           3%           86%         4


Dungeon Overview and Level Annotations

Branches:
Dungeon (1/15)

Altars:


Message History

b - 5 atropa-tipped darts HP restored.
Things that are here:
3 stones; a kobold corpse A leopard gecko comes into view.
A leopard gecko is nearby!
Throw: 5 darts (atropa)
Press: ? - help, Q - select action Shift-Dir - straight line, f - leopard gecko
Aim: a leopard gecko (asleep, 98% to hit, chance to blind on hit: 100%)
You throw an atropa-tipped dart.
The atropa-tipped dart hits the leopard gecko.
The leopard gecko appears confused.
The leopard gecko hisses angrily.
You hear a shout!
A hobgoblin comes into view. It is wielding a +0 club.
The leopard gecko seems less confused.
A dart slug comes into view.
A bat comes into view.
You closely miss the hobgoblin.
The leopard gecko is no longer blind.
The hobgoblin hits you but does no damage.
The leopard gecko hisses angrily.
You sock the hobgoblin!
You kill the hobgoblin!
You barely miss the bat. The bat hits you but does no damage. The bat hits you.
You barely miss the bat. The bat hits you but does no damage.
A hobgoblin comes into view.
The dart slug launches a dart at you. The slug dart hits you.
The hobgoblin shouts!
You hit the dart slug.
The dart slug is severely wounded.
The bat barely misses you.
The dart slug bites you but does no damage.
You hit the dart slug but do no damage.
The dart slug is severely wounded.
The leopard gecko bites you. The dart slug launches a dart at you.
The slug dart hits you.
* * * LOW HITPOINT WARNING * * *
The leopard gecko bites you.
You die...

..............
.............
............
........... ..g.....
.(.b. #lw# ##.@####
#......#####
.....####.....# ....##
#####.##
##...#########..#####..
# ....#.....##........
............(.......
........†...#####...
.......†..†.# .#


You could see a dart slug, a leopard gecko, a hobgoblin and a bat.

Vanquished Creatures
  A goblin (D:1)
  A hobgoblin (D:1)
  A kobold (D:1)
  A bat (D:1)
  2 rats (D:1)
6 creatures vanquished.

Notes
Turn   | Place    | Note
-------+----------+-------------------------------------------
     0 | D:1      | Morbidden the Demonspawn Wanderer began the quest for the
                  | Orb.
     0 | D:1      | Morbidden set off with the following items: a +0
                  | quarterstaff, a potion of curing, a +0 robe, a +0 dagger;
                  | and the following spells available to memorise: Blink,
                  | Gell's Gravitas, Lesser Beckoning, Teleport Other, Manifold
                  | Assault
     0 | D:1      | Reached XP level 1. HP: 15/15 MP: 3/3
     3 | D:1      | Noticed an electric eel
     4 | D:1      | Noticed an electric eel
   249 | D:1      | Slain by a leopard gecko

Illustrated notes

Levels and vault maps discovered:
D:1:      arrival_aquarium_b, layout_rooms

Action                   || total
-------------------------++-------
Melee: Quarterstaff      ||    23
Throw: Dart              ||     1
Armor: Robe              ||    12
Dodge: Dodged            ||    15

Table legend: (Time is in decaauts)
 A = Elapsed time spent in this place.
 B = Non-inter-level travel time spent in this place.
 C = Inter-level travel time spent in this place.
 D = Time resting spent in this place.
 E = Time spent auto-exploring this place.
 F = Levels seen in this place.
 G = Mean time per level.
                   A        B        C        D        E       F      G
               +--------+--------+--------+--------+--------+-----+--------+
         Total |    252 |    252 |      0 |      0 |    191 |   1 |  252.0 |
       Dungeon |    252 |    252 |      0 |      0 |    191 |   1 |  252.0 |
               +--------+--------+--------+--------+--------+-----+--------+

Top non-repeatable levels by time:
     D:1: 252 daAuts
